 Dungeon Crawl Stone Soup version 0.30-a0-297-g0ec75d9ef4 (webtiles) character file.

Game seed: 4620356136064286792

2018 Dnbvrw the Covert (level 9, -5/39 HPs)
             Began as a Spriggan Enchanter on Oct 19, 2022.
             Killed from afar by a white imp (11 damage)
             ... with a puff of frost
             ... on level 7 of the Dungeon.
             The game lasted 00:15:53 (5875 turns).

Dnbvrw the Covert (Spriggan Enchanter)              Turns: 5875, Time: 00:15:53

Health: -5/39      AC:  4    Str: 24    XL:     9   Next: 3%
Magic:  6/23       EV: 17    Int: 15    God:
Gold:   284        SH:  0    Dex: 13    Spells: 15/26 levels left

rFire   . . .      SeeInvis +    a - +2 dagger
rCold   . . .      Faith    .    (no shield)
rNeg    . . .      Spirit   .    b - +0 robe
rPois   .          Reflect  .    (helmet restricted)
rElec   .          Harm     .    h - +1 cloak
rCorr   .          Rampage  .    (gloves unavailable)
Will    +....                    (boots unavailable)
Stlth   ++++......               (no amulet)
HPRegen 0.26/turn                d - +6 ring of strength
MPRegen 0.18/turn                m - +6 ring of strength

@: about to teleport, very quick
A: very small, no large weapons, unfitting armour, see invisible, speed 3, fangs
1, clumsy 1, strong 1
a: no special abilities


You were on level 7 of the Dungeon.
You visited 1 branch of the dungeon, and saw 7 of its levels.

You collected 284 gold pieces.

Inventory:

Hand Weapons
 a - a +2 dagger (weapon)
 x - a +0 dagger of draining
Missiles
 n - 2 throwing nets (quivered)
 u - 2 curare-tipped darts
Armour
 b - a +0 robe (worn)
 h - a +1 cloak (worn)
Jewellery
 d - a +6 ring of strength (left hand)
 m - a +6 ring of strength (right hand)
Wands
 g - a wand of mindburst (18)
 v - a wand of polymorph (6)
Scrolls
 e - 2 scrolls of teleportation
 l - a scroll of vulnerability
 o - 2 scrolls of amnesia
 p - a scroll of poison
 q - a scroll of magic mapping
 r - a scroll of identify
 w - a scroll of fear
Potions
 c - 2 potions of invisibility
 f - a potion of ambrosia
 i - 2 potions of flight
 j - a potion of curing
 k - a potion of magic
 s - a potion of haste


   Skills:
 - Level 1.1 Short Blades
 - Level 2.6 Dodging
 + Level 10.4 Stealth
 + Level 9.0 Spellcasting
 + Level 9.3 Hexes


You had 15 spell levels left.
You knew the following spells:

 Your Spells              Type           Power      Damage    Failure   Level
a - Ensorcelled Hibernat  Hex/Ice        40%        N/A       2%          2
b - Tukima's Dance        Hex            34%        N/A       1%          3
c - Dazzling Flash        Conj/Hex       40%        N/A       4%          3
d - Confusing Touch       Hex            34%        N/A       1%          3

Your spell library contained the following spells:

 Spells                   Type           Power      Damage    Failure   Level
 Slow                     Hex            100%       N/A       1%          1
 Gell's Gravitas          Tloc           6%         N/A       32%         3
 Lesser Beckoning         Tloc           12%        N/A       32%         3
 Ozocubu's Armour         Ice            6%         N/A       32%         3
 Teleport Other           Tloc           6%         N/A       32%         3
 Vampiric Draining        Necr           6%         2d6       32%         3
 Metabolic Englaciation   Hex/Ice        10%        N/A       41%         5
 Simulacrum               Ice/Necr       3%         N/A       100%        6


Dungeon Overview and Level Annotations

Branches:
Dungeon (7/15)
 Temple: D:4-7

Altars:
Makhleb
Nemelex Xobeh
Sif Muna

Shops:
D:5 *

Annotations:
D:4 1 runed translucent door, Harunobu's ghost, amateur OpVM


Innate Abilities, Weirdness & Mutations

You are very small and have problems with some larger weapons.
You are too small for most types of armour.
You have supernaturally acute eyesight. (SInv)
You cover ground extremely quickly. (Speed+++)
You have very sharp teeth.
You are clumsy. (Dex -2)
Your muscles are strong. (Str +4, Int/Dex -1)


Message History

The orc warrior barely misses you.
Your +0 dagger completely misses the orc warrior.
The orc hits your +0 dagger with a +0 short sword.
The orc wizard gestures at you while chanting.
The magic dart hits you!
* * * LOW HITPOINT WARNING * * *
You hit the orc warrior but do no damage.
Your bite misses the orc warrior.
The orc warrior is severely wounded.
The orc warrior is no longer blind.
The orc warrior barely misses you.
Your +0 dagger completely misses the orc warrior.
The orc hits your +0 dagger with a +0 short sword.
The orc wizard hits you but does no damage.
Your +0 hand axe hits the orc.
The orc dies!
Your +0 hand axe closely misses the white imp.
Your +0 dagger hits the orc warrior but does no damage.
The orc warrior hits your +0 dagger!
Your +0 dagger falls from the air.
The orc warrior shouts!
You see here 12 gold pieces.
The white imp hits your +0 hand axe but does no damage.
As you read the scroll of teleportation, it crumbles to dust.
You feel strangely unstable.
Your +0 hand axe hits the orc warrior.
Your +0 hand axe hits the white imp.
The orc wizard points at you and mumbles some strange words.
You resist with almost no effort.
Unknown command.
Your surroundings suddenly seem different.
A white imp comes into view.
Found a +6 ring of strength. 2 iguanas come into view.
Found a stone staircase leading down.
The white imp shouts!
The iguana hisses angrily.
As you read the scroll of teleportation, it crumbles to dust.
You feel strangely unstable. The white imp gestures at you.
The puff of frost hits you!
You die...

#########
#......5.
#........
#@.......
#........
#..=.....
#........
#........
.ll......
>........
#########


You could see 2 iguanas and a white imp.

Vanquished Creatures
  Grinder (D:4)
  An ice beast (D:6)
  A black bear (D:4)
  An ogre (D:6)
  A phantom (D:6)
  2 necrophages
  2 bullfrogs
  5 scorpions
  4 wights (D:6)
  5 hounds
  Crazy Yiuf (D:3)
  7 iguanas
  4 gnolls
  9 adders
  An ufetubus (D:5)
  A worm (D:2)
  3 dart slugs
  2 orcs (D:4)
  6 bats
  5 endoplasms
  4 giant cockroaches
  8 hobgoblins
  6 kobolds
  6 quokkas
  7 ball pythons
  3 frilled lizards
  6 goblins
  4 rats
106 creatures vanquished.

Vanquished Creatures (collateral kills)
  An ogre (D:4)
  A wight (D:6)
  4 gnolls
  An orc (D:7)
7 creatures vanquished.

Vanquished Creatures (others)
  5 dancing weapons
  2 withered plants (D:4)
7 creatures vanquished.

Grand Total: 120 creatures vanquished

Notes
Turn   | Place    | Note
-------+----------+-------------------------------------------
     0 | D:1      | Dnbvrw the Spriggan Enchanter began the quest for the Orb.
     0 | D:1      | Reached XP level 1. HP: 9/9 MP: 5/5
    93 | D:1      | Found a faded altar of an unknown god.
   166 | D:1      | Reached XP level 2. HP: 13/13 MP: 7/7
   169 | D:1      | Learned a level 2 spell: Ensorcelled Hibernation
  1091 | D:2      | Found a burning altar of Makhleb.
  1210 | D:2      | Reached XP level 3. HP: 16/16 MP: 3/9
  1214 | D:2      | Learned a level 3 spell: Tukima's Dance
  1218 | D:2      | Learned a level 3 spell: Confusing Touch
  1944 | D:3      | Reached skill level 5 in Hexes
  1944 | D:3      | Reached XP level 4. HP: 18/21 MP: 1/11
  2140 | D:3      | Found a runed translucent door.
  2141 | D:3      | Noticed Crazy Yiuf
  2160 | D:3      | Killed Crazy Yiuf
  2507 | D:4      | Noticed a bullfrog
  2508 | D:4      | Killed a bullfrog
  2509 | D:4      | Reached skill level 5 in Spellcasting
  2509 | D:4      | Reached XP level 5. HP: 24/24 MP: 11/13
  2837 | D:4      | Reached skill level 5 in Stealth
  2998 | D:4      | Noticed a black bear
  3034 | D:4      | Reached XP level 6. HP: 7/28 MP: 1/15
  3144 | D:4      | Found a runed translucent door.
  3145 | D:4      | Noticed Harunobu's ghost (amateur OpVM)
  3169 | D:4      | Reached skill level 6 in Stealth
  3286 | D:4      | Noticed Grinder
  3308 | D:4      | Killed Grinder
  3309 | D:4      | Reached XP level 7. HP: 13/32 MP: 15/17
  3650 | D:5      | Entered Level 5 of the Dungeon
  3678 | D:5      | Reached skill level 7 in Stealth
  4039 | D:5      | Learned a level 3 spell: Dazzling Flash
  4058 | D:5      | Reached skill level 8 in Stealth
  4058 | D:5      | Reached XP level 8. HP: 36/36 MP: 20/20
  4192 | D:5      | Found a shimmering blue altar of Sif Muna.
  4202 | D:5      | Found a sparkling altar of Nemelex Xobeh.
  4317 | D:5      | Found a burning altar of Makhleb.
  4435 | D:5      | Found Obbuqoc's Neck Hole.
  4944 | D:6      | Reached skill level 9 in Stealth
  5407 | D:6      | Reached skill level 10 in Stealth
  5583 | D:6      | Reached XP level 9. HP: 39/39 MP: 21/23
  5862 | D:7      | Gained mutation: Your muscles are strong. (Str +4, Int/Dex
                  | -1) [potion of mutation]
  5862 | D:7      | Gained mutation: You have very sharp teeth. [potion of
                  | mutation]
  5862 | D:7      | Gained mutation: You are clumsy. (Dex -2) [potion of
                  | mutation]
  5875 | D:7      | Killed from afar by a white imp

Illustrated notes

Levels and vault maps discovered:
D:1:      dpeg_arrival_simpleton_a, layout_loops_ring, serial_glass,
          glass_columns_a, glass_columns_a, nicolae_ecumenical_lake_church
D:2:      layout_basic, serial_glass, glass_columns_c, glass_columns_a,
          glass_columns_a, feat_on_display, feat_on_display,
          minmay_strange_pillars, item_on_display_a, basic_altar
D:3:      layout_rooms, uniq_crazy_yiuf_cottage
D:4:      layout_rooms, gammafunk_ghost_grave, uniq_grinder
D:5:      layout_cave_pools, mainiacjoe_overflow_six_doors_small,
          nicolae_overflow_squiral, nicolae_shop_sticking_my_neck_out
D:6:      layout_basic
D:7:      layout_basic, mainiacjoe_overflow_24_doors,
          nicolae_hepliaklqana_hippocampus, mainiacjoe_overflow_paths,
          mainiacjoe_overflow_chevrons, minmay_temple_entry_hall

Skill      XL: |  1  2  3  4  5  6  7  8 |
---------------+-------------------------+-----
Spellcasting   | 3 4 5 6 7 9 |  9.0
Hexes          | 4 5 6 7 9 |  9.3
Stealth        | 5 6 8 10 | 10.4
Short Blades   | |  1.1
Dodging        | |  2.6

Action                   |  1- 3 |  4- 6 |  7- 9 || total
-------------------------+-------+-------+-------++-------
Melee: Dagger            |   171 |    83 |   134 ||   388
       Punch             |     2 |     3 |     2 ||     7
 Cast: Ensorcelled Hiber |    19 |    25 |    16 ||    60
       Tukima's Dance    |       |     4 |    17 ||    21
       Confusing Touch   |       |     1 |     9 ||    10
       Dazzling Flash    |       |       |     3 ||     3
  Use: Scroll            |    10 |     4 |     7 ||    21
       Potion            |       |     2 |     1 ||     3
 Stab: Sleeping          |    14 |    17 |    21 ||    52
       Confused          |       |       |     6 ||     6
       Distracted        |       |       |     1 ||     1
Armor: Robe              |    31 |    10 |     9 ||    50
Dodge: Dodged            |   147 |    58 |   112 ||   317

Table legend: (Time is in decaauts)
 A = Elapsed time spent in this place.
 B = Non-inter-level travel time spent in this place.
 C = Inter-level travel time spent in this place.
 D = Time resting spent in this place.
 E = Time spent auto-exploring this place.
 F = Levels seen in this place.
 G = Mean time per level.
                   A        B        C        D        E       F      G
               +--------+--------+--------+--------+--------+-----+--------+
         Total |   4430 |   4342 |     88 |    169 |   3159 |   7 |  632.9 |
       Dungeon |   4430 |   4342 |     88 |    169 |   3159 |   7 |  632.9 |
               +--------+--------+--------+--------+--------+-----+--------+

Top non-repeatable levels by time:
     D:4: 968 daAuts
     D:6: 966 daAuts
     D:2: 777 daAuts
     D:5: 639 daAuts
     D:1: 609 daAuts
     D:3: 437 daAuts
     D:7: 32 daAuts
